 Dungeon Crawl Stone Soup version 0.26.0-16-gc1dbca0489 (webtiles) character file.

Game seed: 12892365020654440849

67 thiole the Sneak (level 4, -2/40 HPs)
             Began as an Octopode Hedge Wizard on Jan 20, 2021.
             Killed by divine providence
             ... invoked by an orc priest
              (12 damage)
             ... on level 3 of the Dungeon.
             The game lasted 00:02:46 (2161 turns).

thiole the Sneak (Octopode Hedge Wizard)            Turns: 2161, Time: 00:02:47

Health: -2/40      AC: 22    Str:  9    XL:     4   Next: 16%
Magic:  7/9        EV:  2    Int: 17    God:
Gold:   80         SH:  0    Dex: 11    Spells: 9/10 levels left

rFire    . . .     SeeInvis .   j - +1 short sword (venom)
rCold    . . .     Faith    .   (no shield)
rNeg     + + +     Spirit   .   (helmet currently unavailable)
rPois    +         Reflect  .   (no amulet)
rElec    .         Harm     .   (no ring)
rCorr    .         Rampage  .   (no ring)
Will     .....     NoTele   +   (no ring)
Stlth    ++........             (no ring)
HPRegen  0.13/turn              (no ring)
MPRegen  0.11/turn              (no ring)
                                (no ring)
                                (no ring)

@: tree-form
A: almost no armour, stealthy swim, (amphibious), 8 rings, (constrict 8)
a: no special abilities


You were on level 3 of the Dungeon.
You were a tree.
You visited 1 branch of the dungeon, and saw 3 of its levels.

You collected 80 gold pieces.

Inventory:

Hand Weapons
 a - a +0 dagger
 j - a +1 short sword of venom (weapon)
Armour
 b - a +0 hat (melded)
Jewellery
 h - an uncursed ring of resist corrosion {unknown}
 k - an uncursed ring of stealth {unknown}
Scrolls
 c - 2 scrolls of identify {unknown}
 e - 2 scrolls of magic mapping
 f - a scroll of teleportation {unknown}
 i - a scroll of remove curse {unknown}
Potions
 g - a potion of lignification


   Skills:
 - Level 2.0 Dodging
 + Level 3.9 Stealth
 + Level 3.5 Spellcasting
 - Level 2.0 Conjurations
 - Level 2.0 Summonings
 - Level 1.0 Translocations


You had 9 spell levels left.
You knew the following spells:

 Your Spells              Type           Power        Failure   Level
a - Magic Dart            Conj           36%          8%          1

Your spell library contained the following spells:

 Spells                   Type           Power        Failure   Level
 Call Imp                 Summ           9%           11%         2
 Blink                    Tloc           N/A          17%         2
 Slow                     Hex            2%           26%         2
 Conjure Flame            Conj/Fire      6%           32%         3
 Mephitic Cloud           Conj/Pois/Air  5%           36%         3


Dungeon Overview and Level Annotations

Branches:
Dungeon (3/15)

Altars:


Innate Abilities, Weirdness & Mutations

You cannot wear most types of armour.
You are very stealthy in the water. (Stealth+)
((You are amphibious.))
You can wear up to eight rings at the same time.
((You can use your tentacles to constrict eight enemies at once.))
((Your skin changes colour to match your surroundings (Stealth+).))
((Your rubbery body absorbs attacks. (AC +1, EV +1)))


Message History

The orc hits you but does no damage. x2
You hit the orc.
You kill the orc!
The orc hits you but does no damage.
You hit the orc.
The orc is poisoned.
The orc is lightly wounded.
The orc hits you but does no damage. x2
You hit the orc.
The orc is almost dead.
The orc hits you but does no damage. x2
You barely miss the orc.
The orc is almost dead.
The orc hits you but does no damage. x2
You hit the orc.
You kill the orc!
The orc hits you but does no damage.
You closely miss the orc priest.
The orc priest calls down the wrath of Beogh upon you.
Beogh smites you!
You die...

*,**,*,****,* *,,,,,,,,,,,,,,*,
,,**,*,* *,* *...,,,*********,
****+*,* *,* *..,,,,,,,,,,,,,,
#,,....****,*####..,,,,,,,*******
#,,....,,,,,,#....,,,,,.,,*******
#..o.....,...#.#..,,,,..,,,,,,,,,
#.......,,...#.#.#,,,...,,*******
#......#**#.##.#o#,,o...,,*
#......* #.##.#♣#,.....,,*
.......* #.##.#o#......,,*
#**#.######.##..........,,*
####.#...............$..,,*
.....................###***
####.#...............# #
*#.#...............#
#**......##.b#.......#
.,.......##..#....####


You could see an orc priest, an orc and a bat.

Vanquished Creatures
  2 adders
  2 worms (D:2)
  A dart slug (D:1)
  4 orcs (D:3)
  2 giant cockroaches
  4 goblins
  4 hobgoblins (D:1)
  3 kobolds
  2 ball pythons (D:2)
  2 bats
  4 frilled lizards
  10 rats
40 creatures vanquished.

Notes
Turn   | Place    | Note
-------+----------+-------------------------------------------
     0 | D:1      | thiole the Octopode Hedge Wizard began the quest for the
                  | Orb.
     0 | D:1      | Reached XP level 1. HP: 11/11 MP: 4/4
   255 | D:1      | Reached XP level 2. HP: 17/17 MP: 3/6
   960 | D:2      | Reached XP level 3. HP: 17/21 MP: 4/7
  2155 | D:3      | Reached XP level 4. HP: 9/27 MP: 6/9
  2161 | D:3      | Killed from afar by an orc priest

Illustrated notes

Levels and vault maps discovered:
D:1:      dpeg_arrival_fog, layout_basic
D:2:      layout_basic
D:3:      layout_basic, overflow_temple_1_default, cheibrodos_sewer_entry_bend,
          minmay_diced_spiral, uniq_grinder, uniq_sigmund

Skill      XL: |  1  2  3 |
---------------+----------+-----
Stealth        | 3 |  3.9
Conjurations   | 2 |  2.0
Summonings     | 2 |  2.0
Dodging        | |  2.0
Spellcasting   | |  3.5
Translocations | |  1.0

Action                   |  1- 3 |  4- 6 || total
-------------------------+-------+-------++-------
Melee: Dagger            |    31 |       ||    31
       Constrict         |     5 |       ||     5
       Tentacles         |     3 |       ||     3
       Short sword       |    17 |     7 ||    24
 Cast: Magic Dart        |    73 |       ||    73
  Use: Potion            |     2 |       ||     2
       Scroll            |     1 |       ||     1
Armor: Skin              |    12 |    10 ||    22
Dodge: Dodged            |    20 |       ||    20
